 Dungeon Crawl Stone Soup version 0.20-a0-214-gb74cb0e (webtiles) character file.

2 deepsabbath the Firebug (level 1, -2/10 HPs)
             Began as a Deep Elf Fire Elementalist on Nov 27, 2016.
             Slain by a kobold
             ... wielding a +0 short sword
              (4 damage)
             ... on level 3 of the Dungeon.
             The game lasted 00:01:01 (468 turns).

deepsabbath the Firebug (Deep Elf Fire Elementalist) Turns: 468, Time: 00:01:01

Health: -2/10      AC:  2    Str:  5    XL:     1   Next: 25%
Magic:  6/6        EV: 13    Int: 19    God:
Gold:   10         SH:  0    Dex: 15    Spells: 5/6 levels left

rFire  . . .     SeeInvis .     e - +0 hand axe
rCold  . . .     Gourm    .     a - +0 robe
rNeg   . . .     Faith    .     (no shield)
rPois  .         Spirit   .     (no helmet)
rElec  .         Reflect  .     (no cloak)
rCorr  .         Harm     .     (no gloves)
MR     .....                    (no boots)
Stlth  ++........               (no amulet)
                                (no ring)
                                (no ring)

@: no status effects
A: no striking features
a: no special abilities


You were on level 3 of the Dungeon.
You were not hungry.

You visited 1 branch of the dungeon, and saw 3 of its levels.

You collected 10 gold pieces.

Inventory:

Hand Weapons
 e - a +0 hand axe (weapon)
   (You found it on level 3 of the Dungeon)
Armour
 a - a +0 robe (worn)
Potions
 d - a potion of curing {unknown}
Books
 b - a book of Flames
Comestibles
 c - a bread ration {@e1}


   Skills:
 + Level 2.5 Dodging
 + Level 2.5 Stealth
 + Level 3.0 Spellcasting
 + Level 1.2 Conjurations
 + Level 3.2 Fire Magic


You had 5 spell levels left.
You knew the following spells:

 Your Spells              Type           Power        Failure   Level  Hunger
a - Flame Tongue          Conj/Fire      ##...        8%          1    None


Dungeon Overview and Level Annotations

Branches:
Dungeon (3/15)

Altars:


Message History

The bat is too close now for your liking.
The bat misses you.
You hit the bat but do no damage. The bat misses you.
You barely miss the bat. The bat hits you.
You take 1 damage, and have 9/10 hp.
The bat hits you but does no damage.
You hit the bat. The bat hits you.
You take 1 damage, and have 8/10 hp.
You completely miss the bat. The bat completely misses you.
A frilled lizard comes into view.
The bat closely misses you. The bat misses you.
You closely miss the bat. The bat barely misses you.
The bat hits you but does no damage. The bat hits you.
You take 1 damage, and have 7/10 hp.
You closely miss the bat. The bat closely misses you.
The bat closely misses you.
No target in view!
No target in view!
No target in view!
The bat closely misses you.
The bat is too close now for your liking.
The bat barely misses you. The bat hits you but does no damage.
The bat hits you.
You take 1 damage, and have 6/10 hp.
You are too injured to fight recklessly!
You are too injured to fight recklessly!
You are too injured to fight recklessly!
You are too injured to fight recklessly!
You are too injured to fight recklessly!
You hit the bat. The bat hits you.
You take 1 damage, and have 5/10 hp.
The bat hits you.
You take 1 damage, and have 4/10 hp.
The bat misses you.
You hit the bat. The bat hits you but does no damage.
You hit the bat but do no damage. The bat barely misses you.
You closely miss the bat. The bat hits you but does no damage.
You closely miss the bat. The bat hits you but does no damage. x2
You hit the bat but do no damage. The bat misses you.
You completely miss the bat. The bat hits you but does no damage.
The bat misses you.
You hit the bat but do no damage. The bat barely misses you.
You barely miss the bat. The bat misses you.
You closely miss the bat. The bat barely misses you.
You hit the bat but do no damage. The bat hits you.
You take 1 damage, and have 4/10 hp.
The bat hits you but does no damage.
You hit the bat but do no damage. The bat barely misses you.
The bat hits you but does no damage.
You miss the bat. The bat barely misses you.
You hit the bat but do no damage. The bat closely misses you.
You hit the bat.
You kill the bat!
You start resting.
A hobgoblin comes into view.
You regained 3 hp, and now have 7/10 hp.
You see here a bat corpse.
The hobgoblin moves out of view.
The hobgoblin shouts!
You see here 16 arrows.
Found 23 stones.
Found a stone staircase leading down.
A bat and 2 jackals come into view.
A jackal comes into view.
The jackal barks!
There is a stone staircase leading down here.
The bat hits you but does no damage.
You climb downwards.
A frilled lizard and a kobold come into view.
The kobold shouts!
There is a stone staircase leading up here.
The frilled lizard hisses angrily.
Found a stone staircase leading down.
There is a stone staircase leading down here.
The frilled lizard bites you.
You climb downwards.
There is a stone staircase leading up here.
You take 2 damage, and have 7/10 hp.
You start resting.
Health restored: 10 You see here 4 large rocks {!d}.
You now have 10 gold pieces.
A kobold comes into view. It is wielding a short sword.
You see here a hand axe.
e - a hand axe The kobold throws a stone.
The stone hits you.
You take 2 damage, and have 8/10 hp.
Wield which item (- for none, * to show all)? (? for menu, Esc to quit)
e - a +0 hand axe (weapon)
The kobold throws a stone.
The stone hits you but does no damage.
You see here a stone.
You barely miss the kobold. The kobold hits you with a short sword!
Ouch! That really hurt!
* * * LOW HITPOINT WARNING * * *
You take 6 damage, and have 2/10 hp.
MASSIVE DAMAGE!!
You completely miss the kobold. The kobold hits you with a short sword.
You die...

.#.#..........
............%
.#.........
#........# #........#
##8...8..# #..K8....#
#...@....#
#....(...####
#.#....(.....# ..
#.#.#......##.####...
#.#.#...............
#.##.#....#.....# #
##.#...#..##
##.#..#..####
##.#.......#


You could see a kobold.

Vanquished Creatures
  A bat (D:1)
  A frilled lizard (D:1)
2 creatures vanquished.

Notes
Turn   | Place    | Note
-------+----------+-------------------------------------------
     0 | D:1      | deepsabbath the Deep Elf Fire Elementalist began the quest for the Orb.
     0 | D:1      | Reached XP level 1. HP: 10/10 MP: 6/6
   467 | D:3      | HP: 2/10 [kobold/short sword (7)]
   468 | D:3      | Slain by a kobold

Vault maps used:
D:1:      dpeg_arrival_ternary
D:2:      first_bread, kennysheep_generic_room_2
D:3:      wad_pebble_path, grunt_decor_fettered

Action                   || total
-------------------------++-------
Melee: Unarmed           ||    25
       Hand axe          ||     2
Armor: Robe              ||    11
Dodge: Dodged            ||    21

Vault maps used:
D:1:      dpeg_arrival_ternary
D:2:      first_bread, kennysheep_generic_room_2
D:3:      wad_pebble_path, grunt_decor_fettered

Table legend:
 A = Turns spent in this place as a percentage of turns spent in the entire game.
 B = Non-inter-level travel turns spent in this place as a percentage of non-inter-level travel turns spent in the entire game.
 C = Inter-level travel turns spent in this place as a percentage of turns spent in this place.
 D = Turns resting spent in this place as a percentage of non-inter-level travel turns spent in this place.
 E = Turns spent auto-exploring this place as a percentage of non-inter-level travel turns spent in this place.
 F = Non-inter-level travel turns spent in this place divided by the number of levels of this place that you've seen.
                   A       B       C       D       E      F
               +-------+-------+-------+-------+-------+----------------------
         Total | 100.0 | 100.0 |   0.0 |   3.5 |   1.2 |  57.0
       Dungeon | 100.0 | 100.0 |   0.0 |   3.5 |   1.2 |  57.0
               +-------+-------+-------+-------+-------+----------------------

Table legend:
 A = Kills in this place as a percentage of kills in entire the game.
 B = Kills by you in this place as a percentage of kills by you in the entire game.
 C = Kills by friends in this place as a percentage of kills by friends in the entire game.
 D = Other kills in this place as a percentage of other kills in the entire game.
 E = Experience gained in this place as a percentage of experience gained in the entire game.
 F = Experience gained in this place divided by the number of levels of this place that you have seen.
                   A       B       C       D       E      F
               +-------+-------+-------+-------+-------+----------------------
         Total | 100.0 | 100.0 |  -nan |  -nan | 100.0 |   1.0
       Dungeon | 100.0 | 100.0 |  -nan |  -nan | 100.0 |   1.0
               +-------+-------+-------+-------+-------+----------------------
